 Dungeon Crawl Stone Soup version 0.23.2-40-g277498a (webtiles) character file.

Game seed: 2828396292178836886

89 Fang the Skirmisher (level 4, -1/43 HPs)
             Began as a Gargoyle Berserker on Sept 5, 2019.
             Was a Believer of Trog.
             Slain by Crazy Yiuf
             ... wielding a +4 quarterstaff of chaos
              (11 damage)
             ... on level 2 of the Dungeon.
             The game lasted 00:03:05 (1914 turns).

Fang the Skirmisher (Gargoyle Berserker)            Turns: 1914, Time: 00:03:05

Health: -1/43      AC: 11    Str: 25    XL:     4   Next: 55%
Magic:  0/4        EV: 12    Int:  7    God:    Trog [**....]
Gold:   96         SH:  0    Dex:  9    Spells: 3/3 levels left

rFire    . . .     SeeInvis .   a - +0 hand axe
rCold    . . .     Gourm    .   (no shield)
rNeg     + . .     Faith    .   b - +0 animal skin
rPois    ∞         Spirit   +   (no helmet)
rElec    +         Reflect  .   e - scarf {Spirit}
rCorr    .         Harm     .   (no gloves)
MR       .....                  (no boots)
Stlth    ..........             n - amulet of regeneration
HPRegen  0.54/turn              f - -2 ring of strength (curse)
MPRegen  0.09/turn              j - +6 ring of protection

@: berserking (expiring), very slightly contaminated, invisible, very quick
A: negative energy resistance 1, electricity resistance, unbreathing,
petrification resistance, rot immunity, AC +3
a: Berserk, Trog's Hand, Renounce Religion


You were on level 2 of the Dungeon.
You worshipped Trog.
Trog was pleased with you.
You were near starving.

You visited 1 branch of the dungeon, and saw 2 of its levels.

You collected 96 gold pieces.

Inventory:

Hand Weapons
 a - a +0 hand axe (weapon)
Armour
 b - a +0 animal skin (worn)
 e - a scarf of spirit shield (worn)
Jewellery
 f - a cursed -2 ring of strength (left hand)
 j - a +6 ring of protection (right hand)
 k - a +3 ring of strength
 n - an amulet of regeneration (around neck)
 t - an uncursed ring of protection from magic {unknown}
Scrolls
 d - 3 scrolls of identify {unknown}
 g - 3 scrolls of teleportation {unknown}
 i - a scroll of enchant weapon {unknown}
 m - 2 scrolls of fear {unknown}
 p - a scroll of amnesia {unknown}
 r - a scroll of fog {unknown}
Potions
 h - 2 potions of heal wounds {unknown}
 o - a potion of curing {unknown}
 q - a potion of lignification {unknown}
 s - a potion of agility {unknown}
Comestibles
 c - 9 rations
 l - a chunk of flesh


   Skills:
 + Level 4.0 Fighting
 + Level 3.2 Axes
 + Level 3.1 Armour
 + Level 2.3 Dodging


You had 3 spell levels left.
You didn't know any spells.
Your spell library was empty.

Dungeon Overview and Level Annotations

Branches:
Dungeon (2/15)

Altars:

Annotations:
D:2 Crazy Yiuf


Innate Abilities, Weirdness & Mutations

You are resistant to torment.
Your stone body is resilient. (AC +3)
You are immune to poison.
You resist negative energy. (rN+)
You are resistant to electric shocks. (rElec)
You can survive without breathing.
You are immune to petrification.
You are immune to rotting.


Message History

You are too injured to fight recklessly!
You are too injured to fight recklessly!
You are too injured to fight recklessly!
You are too injured to fight recklessly!
You are too injured to fight recklessly!
You are too injured to fight recklessly!
You are too injured to fight recklessly!
You are too injured to fight recklessly!
You closely miss Crazy Yiuf.
Crazy Yiuf is heavily wounded.
Crazy Yiuf hits you with a +4 quarterstaff of chaos!
* * * LOW HITPOINT WARNING * * *
You fade into invisibility!
You are very lightly contaminated with residual magic.
You barely miss Crazy Yiuf.
Crazy Yiuf is heavily wounded.
You hit Crazy Yiuf.
Crazy Yiuf is severely wounded.
Crazy Yiuf hits you with a +4 quarterstaff of chaos!
You die...

# #.......#####.# #......# #...
######.###### #.# ####.#.###.#.
.......# #.# #.#.....#. ########
### #.###.###. ### ### #.
##########♣♣♣♣♣ ### #.
#...........♣.♣♣♣ ### #.# #.
#.#####.)....♣..♣#...# #.#######.
#.####....♣.♣♣♣♣@g...# #.##......
..........)♣♣ ♣♣#..)# #.##.####.
#.#####.##♣♣ ### #......... #.#
#.# #.##.###.. ..#####.#
#.##.##...
#.......################.##.###..
#####...##..#.##.........##.####.
#.#.###.#.≈≈≈#....#.###......
#....≈≈≈≈≈≈###....#.# ######.


You could see Crazy Yiuf.

Vanquished Creatures
  2 adders (D:2)
  3 oozes
  2 worms (D:2)
  A dart slug (D:2)
  2 leopard geckos (D:2)
  2 giant cockroaches (D:2)
  5 goblins
  4 hobgoblins
  5 jackals
  5 bats
  8 frilled lizards
  6 kobolds
  6 rats (D:2)
51 creatures vanquished.

Notes
Turn   | Place    | Note
-------+----------+-------------------------------------------
     0 | D:1      | Fang the Gargoyle Berserker began the quest for the Orb.
     0 | D:1      | Reached XP level 1. HP: 14/14 MP: 1/1
   204 | D:1      | Reached XP level 2. HP: 19/19 MP: 2/2
  1045 | D:2      | Reached XP level 3. HP: 23/23 MP: 3/3
  1073 | D:2      | Reached ** piety under Trog
  1445 | D:2      | Reached XP level 4. HP: 29/29 MP: 4/4
  1547 | D:2      | Reached skill level 4 in Fighting
  1712 | D:2      | Found a runed translucent door.
  1713 | D:2      | Noticed Crazy Yiuf
  1914 | D:2      | Slain by Crazy Yiuf

Skill      XL: |  1  2  3  4 |
---------------+-------------+-----
Axes           | 3 |  3.2
Dodging        | 2 |  2.3
Armour         | 3 |  3.1
Fighting       | 4 |  4.0

Action                   |  1- 3 |  4- 6 || total
-------------------------+-------+-------++-------
Melee: Hand axe          |   108 |    78 ||   186
Invok: Berserk           |       |     1 ||     1
  Eat: Chunk             |     2 |     1 ||     3
Armor: Animal skin       |    41 |    24 ||    65
Dodge: Dodged            |    71 |    36 ||   107
